Match 41533968
Unlisted

Match 41533968
End
Panzergrenadier Squad
Panzergrenadier Squad
Construct Light Support Kompanie
MG34 Team
2.5-tonne Medical Truck
Fire Support Elements
le.IG 18 Mechanized Group
Pak 38 Anti-tank Gun Team
le.IG 18 Support Gun Team
Selects Armored Support Battlegroup
Selects Salvage Kits
Pak 38 Anti-tank Gun Team
Construct Panzerarmee Kommand
Armored Reserves
Tiger Heavy Tank
Flak 36 Anti-tank Gun Team
Rapid Advance
Panzerpioneer Squad
Flak 36 Anti-tank Gun Team
Tungsten Core Ammunition
Advanced Field Repairs
Selects Panzer Storm
Selects Stuka Anti-tank Loiter
Selects Veteran Gunners
Selects Flammpanzer III Medium Tank
Panzerpioneer Squad
Panzerpioneer Squad
Tungsten Core Ammunition
Stuka Anti-tank Loiter
Tiger Heavy Tank
Flak 36 Anti-tank Gun Team
Flak 36 Anti-tank Gun Team
Panzergrenadier Squad
Construct Mechanized Kompanie
MG34 Team
18-tonne Recovery Half-track
Leo Major
DrayNorton
WARlordS
Mael Radec
GreenWii
BlueComp[A]ny
srubert83
Mila!
0
0

Comments sign in to comment!

No comments posted yet!